Map: Para Site LE

Players

titus - Winner!

  • Race: Zerg Zerg
  • League: Diamond
  • Spawn Location: 5:00

Yocto

  • Race: Zerg Zerg
  • League: Platinum
  • Spawn Location: 11:00

VOD

Have the link to the VOD?

Description

Time

  • Played on: Dec. 22, 2018, 4:14 a.m.
  • Length: 11:23
Show
View Real Time Build Order
Export as new Build Order

titus Zerg - Winner!

Build Orders: Hatch First, Zergling Baneling 

Get SALT Encoding   

  12  0:01  Drone  
  13  0:12  Overlord  
  13  0:16  Drone  
  14  0:30  Drone  
  14  0:31  Drone  
  14  0:34  Drone  
  17  0:53  Hatchery  
  17  0:56  Drone  
  17  0:58  Drone  
  18  1:10  Extractor  
  17  1:14  Spawning Pool  
  17  1:16  Drone  
  17  1:20  Drone  
  18  1:28  Drone  
  19  1:39  Overlord  
  19  1:49  Drone  
  20  2:01  Queen  
  20  2:02  Zergling x2  
  20  2:05  Queen, Zergling x2  
  26  2:11  Drone, Metabolic Boost  
  27  2:18  Drone  
  27  2:21  Drone  
  29  2:29  Drone  
  30  2:47  Hatchery, Drone x3  
  32  2:55  Overlord  
  32  3:02  Baneling Nest, Drone x2  
  33  3:07  Drone  
  34  3:17  Zergling x8  
  34  3:18  Zergling x2  
  34  3:19  Zergling x2  
  40  3:22  Zergling x2  
  41  3:30  Zergling x4  
  43  3:38  Zergling x2  
  43  3:39  Overlord  
  44  3:57  Queen  
  46  4:05  Baneling  
  46  4:06  Baneling x3  
  46  4:08  Zergling x6  
  46  4:09  Zergling x10  
  54  4:13  Baneling  
  54  4:14  Baneling x6  
  54  4:16  Zergling x8  
  58  4:19  Overlord  
  58  4:23  Overlord  
  53  4:40  Zergling x12  
  53  4:44  Zergling x6  
  52  5:09  Drone x6  
  54  5:17  Drone x3  
  54  5:18  Lair  
  57  5:25  Zergling x4  
  59  5:29  Roach Warren  
  59  5:32  Evolution Chamber  
  57  5:35  Evolution Chamber  
  57  5:36  Drone x3  
  57  5:41  Extractor  
  58  5:44  Extractor  
  58  5:46  Drone x5  
  58  5:49  Drone  
  63  5:50  Drone  
  64  5:58  Drone x4  
  68  6:07  Drone x2  
  70  6:14  Drone x3  
  70  6:15  Overlord x2  
  70  6:16  Overlord, Glial Reconstitution  
  73  6:21  Zerg Missile Weapons Level 1  
  73  6:24  Zerg Ground Armor Level 1  
  73  6:29  Overlord  
  73  6:30  Overlord  
  71  6:41  Overlord x4  
  71  6:47  Pneumatized Carapace  
  71  6:54  Drone x7  
  71  7:00  Extractor  
  77  7:06  Extractor  
  76  7:09  Extractor, Hydralisk Den  
  76  7:10  Drone x5  
  79  7:17  Roach  
  79  7:18  Roach  
  83  7:29  Roach x6  
  93  7:31  Roach, Hatchery  
  94  7:42  Roach  
  94  7:43  Roach x3  
  102  7:48  Grooved Spines  
  102  8:00  Drone x4  
  102  8:04  Spore Crawler  
  105  8:08  Spore Crawler  
  104  8:16  Lurker Den  
  104  8:18  Roach x7  
  117  8:26  Hydralisk x4  
  119  8:29  Hydralisk  
  119  8:33  Hydralisk  
  106  8:39  Hydralisk  
  106  8:42  Hydralisk  
  106  8:49  Hydralisk  
  106  8:51  Hydralisk  
  109  8:56  Hydralisk  
  102  9:10  Hydralisk x3  
  102  9:14  Hydralisk  
  104  9:19  Hydralisk  
  96  9:26  Drone x2  
  96  9:27  Drone x9  
  96  9:28  Queen x2  
  96  9:31  Queen  
  103  9:45  Drone x4  
  103  9:47  Drone  
  103  9:51  Extractor  
  106  9:52  Drone  
  106  9:54  Spore Crawler, Drone  
  106  9:56  Drone  
  107  10:03  Drone x4  
  109  10:08  Queen  
  109  10:09  Spore Crawler  
  92  10:21  Hydralisk  
  92  10:22  Hydralisk x4  
  88  10:30  Hydralisk, Drone  
  88  10:34  Hydralisk x3  
  89  10:41  Hydralisk  
  89  10:42  Hydralisk x2  
  95  10:43  Hydralisk  
  95  10:48  Hydralisk x2  
  99  10:51  Hydralisk  
  99  10:54  Hydralisk  
  99  10:55  Drone  
  101  10:58  Hydralisk  
Show
View Real Time Build Order
Export as new Build Order

Yocto Zerg 

Build Orders: Hatch First 

Get SALT Encoding   

  12  0:01  Drone  
  13  0:20  Overlord  
  13  0:22  Drone  
  14  0:39  Drone x2  
  16  0:43  Drone  
  17  1:05  Hatchery  
  17  1:06  Drone  
  17  1:07  Drone  
  17  1:09  Extractor  
  17  1:20  Spawning Pool  
  17  1:24  Drone  
  17  1:30  Drone  
  18  1:37  Drone  
  19  1:49  Overlord  
  19  2:07  Queen  
  21  2:12  Drone  
  21  2:13  Drone  
  21  2:15  Metabolic Boost  
  23  2:22  Zergling x4  
  25  2:23  Queen  
  25  2:28  Drone  
  28  2:31  Drone  
  29  2:39  Drone  
  30  2:47  Overlord  
  30  2:51  Lair  
  30  2:52  Overlord  
  30  3:01  Drone x2  
  30  3:04  Queen  
  34  3:16  Drone x3  
  37  3:22  Baneling Nest  
  36  3:27  Extractor, Evolution Chamber  
  36  3:30  Drone x3  
  37  3:43  Zergling x10  
  42  3:50  Evolution Chamber  
  40  3:56  Spine Crawler  
  40  4:00  Spine Crawler  
  38  4:08  Spine Crawler, Baneling x4  
  37  4:12  Queen  
  39  4:17  Drone x2  
  39  4:20  Drone  
  39  4:23  Drone  
  43  4:25  Drone  
  44  4:52  Spire  
  39  5:07  Baneling  
  39  5:08  Zergling x2  
  39  5:09  Zergling x16  
  39  5:10  Zergling x6  
  39  5:13  Extractor  
  49  5:18  Queen  
  51  5:23  Overlord  
  51  5:33  Overlord x2  
  51  5:44  Drone x5  
  56  6:02  Drone  
  56  6:03  Drone x5  
  62  6:08  Extractor  
  61  6:14  Drone x4  
  61  6:15  Drone  
  66  6:47  Overlord x2  
  66  6:48  Overlord  
  66  6:55  Hatchery  
  65  7:09  Mutalisk  
  65  7:10  Mutalisk x5  
  73  7:30  Mutalisk x4  
  73  7:31  Mutalisk x2  
  73  7:32  Mutalisk  
  87  7:42  Mutalisk  
  89  7:53  Mutalisk  
  91  8:08  Drone x6  
  91  8:09  Drone x2  
  99  8:13  Mutalisk  
  98  8:36  Mutalisk x3  
  88  8:55  Mutalisk  
  94  9:06  Zergling x10  
  91  9:22  Zergling x4  
  93  9:30  Overseer  
  93  9:31  Queen  
  92  9:44  Overlord x4  
  92  9:52  Hatchery  
  91  9:56  Baneling x4  
  91  9:57  Baneling x7  
  91  9:58  Baneling  
  91  9:59  Zergling x2  
  91  10:10  Zergling x2  
  91  10:11  Zergling x8  
  96  10:20  Hatchery  
  89  10:24  Zergling x4  
  85  10:29  Zergling x2  
  73  10:38  Zergling x2  
  73  10:39  Zergling x6  
  70  10:44  Zergling x2  
  71  10:53  Zergling x2  
Tags
 
Matchup
ZvZ
Race
Zerg
Replay Pack
Yocto
Spawn Locations
Cross Positions
Add a new tag
Caveats
  • Supply blocks, unpowered buildings, or Contaminate may cause inaccurate times.
  • Supply counts are checked every 10 seconds.